 Dungeon Crawl Stone Soup version 0.24.0-13-gcf9b319 (webtiles) character file.

Game seed: 8980031614904705534, levelgen mode: deterministic

291 Doobh the Stinger (level 6, -6/44 HPs)
             Began as a Demonspawn Venom Mage on Dec 30, 2019.
             Mangled by a worm (8 damage)
             ... on level 4 of the Dungeon.
             The game lasted 00:17:49 (4888 turns).

Doobh the Stinger (Demonspawn Venom Mage)           Turns: 4888, Time: 00:17:50

Health: -6/44      AC:  5    Str: 10    XL:     6   Next: 10%
Magic:  9/10       EV: 12    Int: 17    God:
Gold:   115        SH:  0    Dex: 13    Spells: 10/11 levels left

rFire    . . .     SeeInvis .     - Unarmed
rCold    . . .     Gourm    .   (no shield)
rNeg     . . .     Faith    .   f - +0 leather armour
rPois    .         Spirit   .   (no helmet)
rElec    .         Reflect  .   o - +0 cloak
rCorr    .         Harm     .   (no gloves)
MR       .....                  (no boots)
Stlth    +.........             (no amulet)
HPRegen  0.14/turn              (no ring)
MPRegen  0.12/turn              (no ring)

@: very slow
A: claws 1, talons 2, foul stench 1, sense surroundings 1, shaggy fur 1, wild
magic 1, rot immunity
a: no special abilities


You were on level 4 of the Dungeon.
You were not hungry.

You visited 1 branch of the dungeon, and saw 4 of its levels.

You collected 115 gold pieces.

Inventory:

Missiles
 k - 19 poisoned darts (quivered)
 t - 2 curare-tipped darts
Armour
 a - a +0 robe
 f - a +0 leather armour (worn)
 j - a +2 chain mail of fire resistance
 o - a +0 cloak (worn)
Wands
 s - a wand of polymorph (8)
 u - a wand of random effects (21)
Scrolls
 b - 2 scrolls of teleportation
 h - a scroll of enchant weapon
 i - a scroll of identify
 m - a scroll of noise
 q - 3 scrolls of random uselessness
Potions
 d - a potion of mutation
 n - a potion of agility
 p - a potion of lignification
Comestibles
 c - 7 rations


   Skills:
 + Level 1.8 Fighting
 + Level 1.3 Armour
 + Level 2.5 Dodging
 + Level 2.7 Stealth
 + Level 1.3 Unarmed Combat
 * Level 3.2 Spellcasting
 + Level 2.2 Conjurations
 + Level 3.5 Poison Magic


You had 10 spell levels left.
You knew the following spells:

 Your Spells              Type           Power        Failure   Level  Hunger
a - Sting                 Conj/Pois      ###.         11%         1    None

Your spell library contained the following spells:

 Spells                   Type           Power        Failure   Level  Hunger
 Poisonous Vapours        Pois/Air       ##....       22%         2    ##.....
 Mephitic Cloud           Conj/Pois/Air  ##......     38%         3    ###....
 Olgreb's Toxic Radiance  Pois           ###.....     54%         4    ####...
 Venom Bolt               Conj/Pois      ###.......   92%         5    ######.


Dungeon Overview and Level Annotations

Branches:
Dungeon (4/15)
 Temple: D:4-7

Altars:
Ashenzari
Dithmenos
Kikubaaqudgha
Trog
Uskayaw


Innate Abilities, Weirdness & Mutations

You have sharp fingernails.
You have razor-sharp toenails.
You may emit foul miasma when damaged in melee.
You are immune to rotting.
You passively map a small area around you.
You are covered in fur. (AC +1)
Your spells are a little harder to cast, but a little more powerful.


Message History

Aiming: Sting (safe; 11% risk of failure)
Press: ? - help, Shift-Dir - straight line, f - worm
Aim: a worm (heavily wounded, sick)
The sting hits the worm.
The worm is poisoned.
The worm is severely wounded.
You barely miss the worm.
The worm is almost dead.
A giant cockroach comes into view.
The worm bites you.
* * * LOW HITPOINT WARNING * * *
The worm bites you!
* * * LOW HITPOINT WARNING * * *
You scratch the worm.
You kill the worm!
The worm completely misses you.
You see here a worm corpse.
You scratch the giant cockroach but do no damage.
The giant cockroach bites you but does no damage.
The worm bites you!
You die...

### *** ##≈######≈##
#≈≈w@s≈≈≈≈≈#
#s≈≈####≈≈≈#
##≈##≈≈**≈*#
#S#≈≈∩≈*≈* #≈#≈≈≈≈*≈*
##≈##≈≈**≈**
#≈≈≈#≈≈*≈≈≈*
#≈†≈#≈≈≈≈≈≈* *######
##S######≈#####......


You could see a worm, an adder and 2 giant cockroaches.

Vanquished Creatures
  A hound (D:4)
  An iguana (D:4)
  A worker ant (D:4)
  Terence (D:2)
  A hound skeleton (D:3)
  3 gnolls (D:3)
  6 adders
  An ooze (D:1)
  3 worms
  2 dart slugs (D:1)
  3 leopard geckos
  3 orcs
  A bat zombie (D:4)
  3 giant cockroaches
  8 goblins
  11 hobgoblins
  2 quokkas
  2 ball pythons (D:2)
  6 bats
  A frilled lizard (D:1)
  A giant cockroach zombie (D:3)
  6 kobolds
  4 leopard gecko skeletons (D:3)
  11 rats
  2 rat zombies (D:4)
84 creatures vanquished.

Notes
Turn   | Place    | Note
-------+----------+-------------------------------------------
     0 | D:1      | Doobh the Demonspawn Venom Mage began the quest for the
                  | Orb.
     0 | D:1      | Reached XP level 1. HP: 13/13 MP: 3/3
   233 | D:1      | Gained mutation: You have sharp toenails. [demonic
                  | ancestry]
   233 | D:1      | Reached XP level 2. HP: 19/19 MP: 1/5
   686 | D:1      | Gained mutation: You are immune to rotting. [demonic
                  | ancestry]
   686 | D:1      | Reached XP level 3. HP: 15/25 MP: 4/6
  1102 | D:2      | Found a faded altar of an unknown god.
  1397 | D:2      | Found a hide-covered altar of Uskayaw.
  1400 | D:2      | Found a bloodstained altar of Trog.
  1408 | D:2      | Found a shadowy altar of Dithmenos.
  1638 | D:2      | Gained mutation: You are covered in fur. (AC +1) [potion of
                  | mutation]
  1638 | D:2      | Gained mutation: You passively map a small area around you.
                  | [potion of mutation]
  1638 | D:2      | Gained mutation: Your spells are a little harder to cast,
                  | but a little more powerful. [potion of mutation]
  1640 | D:2      | Reached skill level 1 in Fighting
  1640 | D:2      | Gained mutation: You have razor-sharp toenails. [demonic
                  | ancestry]
  1640 | D:2      | Reached XP level 4. HP: 11/32 MP: 5/7
  2629 | D:2      | Noticed Terence
  2646 | D:2      | Killed Terence
  2897 | D:3      | Reached skill level 1 in Armour
  2897 | D:3      | Reached skill level 1 in Unarmed Combat
  3145 | D:3      | Gained mutation: You may emit foul miasma when damaged in
                  | melee. [demonic ancestry]
  3145 | D:3      | Reached XP level 5. HP: 18/37 MP: 5/9
  4307 | D:4      | Found a shattered altar of Ashenzari.
  4434 | D:4      | Gained mutation: You have sharp fingernails. [demonic
                  | ancestry]
  4434 | D:4      | Reached XP level 6. HP: 9/44 MP: 3/10
  4754 | D:4      | Found an ancient bone altar of Kikubaaqudgha.
  4885 | D:4      | HP: 1/44 [worm (7)]
  4888 | D:4      | Mangled by a worm

Levels and vault maps discovered:
D:1:      wander_arrival_peaceful_grave, layout_loops_ring
D:2:      layout_basic, gammafunk_temple_overflow_forgotten,
          chequers_ecumenical_altar_island, first_ration, minmay_bisected,
          uniq_terence
D:3:      layout_basic, serial_undead, serial_undead_a, serial_undead_a,
          serial_undead_d, serial_undead_a
D:4:      layout_rooms, lemuel_zombie_altar_kikubaaqudgha,
          nemelex_xobeh_ov_fountains_minmay, gup_sewer_entry_bubbles,
          palyth_stone_intersect, hangedman_abyss_or_decor_passed,
          cheibrodos_ashenzari_chains

Skill      XL: |  1  2  3  4  5 |
---------------+----------------+-----
Stealth        | 2 |  2.7
Dodging        | 2 |  2.5
Fighting       | 1 |  1.8
Armour         | 1 |  1.3
Unarmed Combat | 1 |  1.3
Conjurations   | 2 |  2.2
Spellcasting   | 3 |  3.2
Poison Magic   | |  3.5

Action                   |  1- 3 |  4- 6 || total
-------------------------+-------+-------++-------
Melee: Unarmed           |    75 |   178 ||   253
       Kick              |    16 |    41 ||    57
       Punch             |       |     1 ||     1
 Cast: Sting             |    52 |    49 ||   101
  Use: Potion            |     2 |     3 ||     5
       Scroll            |       |     8 ||     8
 Stab: Sleeping          |     1 |     3 ||     4
  Eat: Chunk             |     3 |     5 ||     8
       Ration            |       |     2 ||     2
Armor: Robe              |     1 |       ||     1
       Leather armour    |    20 |    48 ||    68
       Skin              |     1 |     2 ||     3
Dodge: Dodged            |    42 |   119 ||   161
